Map: Muro dorado EE

Players

MrFercho

  • Race: Zerg Zerg
  • League: Silver
  • Spawn Location: 7:00

Killyourmtv - Winner!

  • Race: Terran Terran
  • League: Silver
  • Spawn Location: 5:00

VOD

Have the link to the VOD?

Description

Time

  • Played on: May 29, 2020, 8:50 p.m.
  • Length: 19:26
Show
View Real Time Build Order
Export as new Build Order

MrFercho Zerg 

Build Orders: Hatch First, Swarm Host 

Get SALT Encoding   

  12  0:01  Drone  
  13  0:41  Hatchery  
  12  0:54  Spawning Pool  
  12  0:55  Overlord  
  11  0:58  Drone  
  11  1:03  Drone  
  13  1:25  Drone x2  
  15  1:33  Extractor  
  15  1:35  Drone  
  15  1:40  Extractor  
  15  1:41  Drone  
  15  1:53  Overlord x2  
  15  2:02  Drone  
  16  2:16  Spine Crawler  
  16  2:18  Queen  
  16  2:22  Drone x3  
  20  2:38  Drone x3  
  23  2:46  Metabolic Boost  
  23  2:54  Evolution Chamber  
  22  3:02  Zergling x4  
  24  3:23  Drone x3  
  24  3:24  Drone x2  
  29  3:56  Zerg Ground Armor Level 1  
  29  4:01  Hatchery  
  28  4:03  Lair  
  28  4:24  Drone  
  28  4:25  Drone x6  
  35  4:40  Queen  
  37  5:02  Evolution Chamber  
  36  5:09  Hydralisk Den  
  36  5:12  Zergling x2  
  36  5:13  Zergling x20  
  46  5:29  Zerg Missile Weapons Level 1  
  46  5:45  Burrow  
  46  5:46  Pneumatized Carapace  
  46  5:49  Grooved Spines  
  46  5:54  Overlord x2  
  46  6:00  Drone x3  
  49  6:46  Hydralisk  
  49  6:47  Hydralisk x7  
  49  6:52  Overlord x2  
  65  7:00  Muscular Augments  
  65  7:02  Drone  
  65  7:06  Extractor  
  65  7:10  Extractor, Queen  
  66  7:31  Overseer  
  66  7:46  Drone x3  
  69  8:07  Drone  
  69  8:08  Hatchery, Drone x4  
  73  8:16  Overlord x3  
  73  8:23  Zerg Missile Weapons Level 2, Zerg Ground Armor Level 2  
  73  8:28  Drone x2  
  73  8:29  Drone  
  76  8:39  Nydus Network  
  75  8:45  Spire  
  75  8:47  Infestation Pit  
  73  8:52  Hydralisk  
  73  8:53  Hydralisk  
  77  9:24  Overseer  
  77  9:31  Swarm Host  
  77  9:32  Swarm Host x4  
  95  9:40  Drone  
  95  9:41  Drone x3  
  89  10:05  Overseer x2  
  87  10:41  Hydralisk  
  87  10:42  Hydralisk x6  
  101  10:55  Drone x3  
  104  11:04  Extractor  
  104  11:06  Extractor  
  93  11:27  Nydus Canal  
  93  11:32  Hive  
  68  13:20  Hydralisk  
  68  13:21  Hydralisk x6  
  73  14:18  Hydralisk  
  73  14:19  Hydralisk x5  
  85  14:50  Hydralisk  
  85  14:51  Hydralisk x3  
  59  15:44  Spore Crawler  
  59  15:47  Spore Crawler x2  
  59  15:49  Spore Crawler  
  48  15:54  Hydralisk  
  48  15:55  Hydralisk x2  
  53  16:02  Spore Crawler  
  53  16:04  Spore Crawler  
  46  16:19  Spore Crawler  
  37  16:46  Hydralisk x3  
  36  18:15  Drone x3  
Show
View Real Time Build Order
Export as new Build Order

Killyourmtv Terran - Winner!

Build Orders:  

Get SALT Encoding   

  12  0:01  SCV  
  13  0:15  SCV  
  14  0:46  Supply Depot  
  14  0:58  Supply Depot  
  14  1:04  SCV  
  14  1:08  Command Center  
  15  1:23  Barracks  
  15  1:27  Supply Depot  
  15  1:52  Supply Depot  
  15  2:00  SCV  
  16  2:02  Refinery  
  16  2:15  Refinery  
  16  2:19  Refinery  
  16  2:21  Marine  
  16  2:22  Refinery  
  17  2:26  SCV  
  17  2:29  SCV  
  19  2:40  SCV  
  20  2:52  Barracks Reactor  
  20  2:55  SCV  
  21  3:16  SCV x2  
  23  3:29  Command Center  
  23  3:36  Marine  
  23  3:40  SCV  
  25  3:49  SCV  
  26  4:05  Factory  
  26  4:31  SCV x2  
  28  4:41  SCV  
  28  4:43  Refinery, SCV x2  
  31  4:53  SCV  
  32  5:08  Starport  
  32  5:13  Starport  
  32  5:15  SCV  
  32  5:16  SCV  
  32  5:20  SCV  
  35  5:29  SCV  
  35  5:31  SCV  
  37  5:39  Refinery  
  37  5:50  SCV  
  37  5:51  SCV x2  
  37  5:55  Starport Tech Lab x2  
  40  6:04  Fusion Core  
  40  6:09  Armory  
  40  6:14  Armory  
  40  6:19  Orbital Command  
  40  6:26  Orbital Command  
  40  6:33  Orbital Command  
  40  6:39  Cloaking Field  
  40  6:45  Banshee  
  43  6:51  Banshee  
  46  7:09  Starport  
  46  7:13  Starport  
  46  7:17  Starport, SCV x2  
  46  7:22  SCV  
  49  7:33  Terran Ship Weapons Level 1, Terran Vehicle And Ship Armor Level 1  
  49  7:49  Starport Tech Lab  
  49  7:50  Starport Tech Lab  
  49  7:51  Banshee  
  49  7:54  Starport Tech Lab  
  52  8:03  SCV  
  52  8:04  SCV  
  52  8:05  SCV  
  55  8:08  Banshee  
  55  8:09  Banshee x2  
  64  8:15  Banshee  
  67  8:28  Factory  
  67  8:30  Factory  
  67  8:33  Factory  
  67  8:35  Factory  
  67  8:38  SCV  
  68  8:43  SCV  
  69  8:51  Banshee, SCV  
  73  8:55  SCV  
  74  9:03  SCV  
  74  9:08  SCV  
  76  9:15  SCV  
  77  9:18  Command Center  
  77  9:27  Supply Depot  
  77  9:28  Supply Depot  
  77  9:30  Supply Depot x2  
  77  9:38  Factory Reactor x3  
  77  9:39  Factory Reactor  
  77  9:48  Banshee x2  
  77  9:49  Banshee x2, SCV x2  
  91  10:09  Banshee  
  94  10:15  Terran Vehicle And Ship Armor Level 2  
  96  10:21  Widow Mine x2  
  96  10:22  Widow Mine x5  
  108  10:30  Widow Mine  
  108  10:31  Banshee x2  
  118  10:43  Widow Mine x3  
  124  10:50  Hellion x2  
  124  10:51  Hellion  
  124  10:52  Banshee x3  
  128  11:14  Banshee  
  119  11:28  Widow Mine x3  
  119  11:29  Widow Mine x5  
  135  11:46  Battlecruiser  
  147  11:47  Battlecruiser x2  
  147  11:50  Widow Mine  
  155  11:58  Widow Mine  
  155  11:59  Widow Mine x2  
  155  12:00  Widow Mine  
  146  12:12  Widow Mine  
  146  12:13  Widow Mine x3  
  107  14:20  Supply Depot  
  107  14:22  Supply Depot  
  107  14:23  Supply Depot x2  
  107  14:24  Supply Depot  
  107  14:25  Supply Depot x2  
  107  14:47  Widow Mine  
  109  15:31  Widow Mine  
  108  15:38  Widow Mine x5  
  109  16:12  Widow Mine x4  
  109  16:13  Widow Mine x3  
  99  16:55  Armory  
  90  18:40  Widow Mine x6  
  102  18:49  Widow Mine x2  
  106  19:01  Widow Mine x3  
  106  19:02  Widow Mine x3  
Tags
 
Composition
Swarm Host
Matchup
TvZ
Replay Pack
MrFercho
Spawn Locations
Close Positions
Add a new tag
Caveats
  • Supply blocks, unpowered buildings, or Contaminate may cause inaccurate times.
  • Supply counts are checked every 10 seconds.